 Dungeon Crawl Stone Soup version 0.30-a0-325-gb515db48ae (webtiles) character file.

Game seed: 4751731467642066808

194 Caerun the Stinger (level 5, 0/46 HPs)
             Began as an Octopode Venom Mage on Oct 28, 2022.
             Slain by an orc
             ... wielding a +0 trident
              (3 damage)
             ... on level 4 of the Dungeon.
             The game lasted 00:07:31 (2721 turns).

Caerun the Stinger (Octopode Venom Mage)            Turns: 2721, Time: 00:07:32

Health: 0/46       AC: 22    Str:  4 (7)  XL:     5   Next: 73%
Magic:  6/10       EV:  2    Int: 17 (19) God:
Gold:   78         SH:  0    Dex: 10 (13) Spells: 9/10 levels left

rFire   . . .      SeeInvis .    g - +2 dagger (venom)
rCold   . . .      Faith    .    (no shield)
rNeg    . . .      Spirit   .    (helmet currently unavailable)
rPois   +          Reflect  .    c - amulet of magic regeneration
rElec   .          Harm     .    (no ring)
rCorr   .          Rampage  .    (no ring)
Will    .....      NoTele   +    (no ring)
Stlth   ++........               (no ring)
HPRegen 0.27/turn                (no ring)
MPRegen 0.52/turn                (no ring)
                                 (no ring)
                                 (no ring)

@: tree-form
A: stationary, stasis, torment immunity, boosted hp, almost no armour,
(amphibious), 8 rings, (camouflage 1), (gelatinous body 1), (nimble swimmer 1),
(tentacles)
a: no special abilities


You were on level 4 of the Dungeon.
You were a tree.
You visited 1 branch of the dungeon, and saw 4 of its levels.

You collected 78 gold pieces.

Inventory:

Hand Weapons
 g - a +2 dagger of venom (weapon)
Armour
 i - a +0 kite shield
 k - an orb of mayhem
Jewellery
 c - an amulet of magic regeneration (around neck)
 e - the amulet of the Kangaroo {Spirit Slay+3}
   (You found it on level 2 of the Dungeon)

   [amulet of guardian spirit]

   It causes incoming damage to be divided between your reserves of health and
   magic.
   Slay:      It affects your accuracy & damage with ranged weapons and melee
   (+3).
Scrolls
 b - 2 scrolls of identify
 f - a scroll of enchant weapon
 h - a scroll of butterflies {unknown}
Potions
 a - a potion of magic
 d - a potion of degeneration
 j - a potion of lignification


   Skills:
 + Level 0.1 Fighting
 + Level 2.1 Dodging
 + Level 3.3 Stealth
 + Level 3.3 Spellcasting
 + Level 2.8 Transmutations
 + Level 5.1 Poison Magic


You had 9 spell levels left.
You knew the following spells:

 Your Spells              Type           Power      Damage    Failure   Level
a - Sting                 Tmut/Pois      64%        1d6       3%          1

Your spell library contained the following spells:

 Spells                   Type           Power      Damage    Failure   Level
 Poisonous Vapours        Pois/Air       22%        N/A       9%          2
 Olgreb's Toxic Radiance  Pois           20%        N/A       21%         4
 Mephitic Cloud           Conj/Pois/Air  8%         N/A       26%         3


Dungeon Overview and Level Annotations

Branches:
Dungeon (4/15)
 Temple: D:4-7

Altars:
Fedhas


Innate Abilities, Weirdness & Mutations

You are a tree.
Your roots penetrate the ground, keeping you stationary.
You cannot be teleported.
You are immune to unholy pain and torment.
Your maximum health is greatly increased.
You cannot wear most types of armour.
((You are amphibious.))
You can wear up to eight rings at the same time.
((Your skin changes colour to match your surroundings (Stealth+).))
((Your rubbery body absorbs attacks. (AC +1, EV +1)))
((You are camouflaged when in or above water. (Stealth+)))
((You have tentacles for arms and can constrict up to eight enemies at once.))


Message History

* * * LOW HITPOINT WARNING * * *
It was a potion of lignification.
You turn into a tree.
Your roots penetrate the ground.
The orc barely misses you.
The orc wizard hits you with a +0 dagger.
* * * LOW HITPOINT WARNING * * *
The orc hits you but does no damage.
The phantom hits you but does no damage.
It was a potion of degeneration.
There was something very wrong with that liquid.
You feel weakened.
You feel dopey.
You feel clumsy. The orc barely misses you.
Something hits you but does no damage. The orc wizard casts a spell at you.
You resist with some effort. The orc hits you but does no damage.
The orc hits you with a +0 hand axe.
* * * LOW HITPOINT WARNING * * *
The phantom hits you but does no damage.
Casting: Sting (safe; 3% risk of failure)
Confirm with . or Enter, or press ? or * to list all spells.
You don't know that spell.
You closely miss the orc wizard. You punch the orc wizard.
The orc wizard is lightly wounded.
The giant cockroach bites you but does no damage.
The orc hits you but does no damage. Something hits you but does no damage.
The orc wizard hits you but does no damage.
The orc hits you with a +0 trident.
* * * LOW HITPOINT WARNING * * *
The orc hits you but does no damage.
The phantom hits you but does no damage.
Casting: Sting (safe; 3% risk of failure)
Confirm with . or Enter, or press ? or * to list all spells.
Aiming: Sting (safe; 3% risk of failure)
Press: ? - help, Shift-Dir - straight line, f/p - phantom
Aim: a phantom (lightly damaged, 64% to hit)
The sting misses the phantom.
The sting hits the orc.
The orc is poisoned.
The orc is severely wounded.
The giant cockroach bites you but does no damage.
The orc hits you but does no damage. Something completely misses you.
The orc wizard hits you but does no damage.
The orc hits you with a +0 trident.
You die...

.?>...#.... #..........
#.......... #........#
#####....$...
.......o... ......oWB#
.....oo♣o+ ###
......{o.# #.#
######.#... #.##
#)#.### #.. # #.#..
..#.#
#########.########.#.#
....................<##
........#.####....<...#
........#.# #........#


You could see a phantom, an orc wizard, 5 orcs and a giant cockroach.

Vanquished Creatures
  5 gnolls
  8 adders
  A dart slug (D:2)
  2 orcs (D:4)
  4 endoplasms
  4 giant cockroaches (D:1)
  8 goblins
  9 hobgoblins
  3 jackals
  A quokka (D:1)
  5 ball pythons
  5 bats
  3 frilled lizards (D:2)
  6 kobolds
  5 rats
69 creatures vanquished.

Notes
Turn   | Place    | Note
-------+----------+-------------------------------------------
     0 | D:1      | Caerun the Octopode Venom Mage began the quest for the Orb.
     0 | D:1      | Reached XP level 1. HP: 11/11 MP: 3/3
   148 | D:1      | Reached skill level 4 in Poison Magic
   152 | D:1      | Reached XP level 2. HP: 12/17 MP: 0/5
   592 | D:1      | Reached XP level 3. HP: 18/21 MP: 4/6
   868 | D:1      | Found a faded altar of an unknown god.
  1376 | D:2      | Reached XP level 4. HP: 15/27 MP: 1/7
  1537 | D:2      | Identified the amulet of the Kangaroo {Spirit Slay+3}
  1635 | D:2      | Reached XP level 5. HP: 31/31 MP: 7/9
  2012 | D:2      | Reached skill level 5 in Poison Magic
  2616 | D:3      | Found a blossoming altar of Fedhas.
  2670 | D:3      | Noticed a phantom
  2705 | D:4      | Noticed a phantom
  2721 | D:4      | Slain by an orc

Illustrated notes

Levels and vault maps discovered:
D:1:      grunt_arrival_crossed_arrows, layout_basic,
          shapermc_ecumenical_altar_notcrosses
D:2:      layout_basic, chequers_jeans, minmay_indecisive_spiral
D:3:      layout_loops_cross, fedhas_ov_isle_minmay,
          ebering_dispersal_statue_hall, minmay_misc_feat_four_crosses,
          st_stairs_11, small_statue_intersection
D:4:      layout_basic, minmay_temple_entry_trees, minmay_misc_feat_chi

Skill      XL: |  1  2  3  4  5 |
---------------+----------------+-----
Stealth        | 3 |  3.3
Poison Magic   | 4 5 |  5.1
Transmutations | 2 |  2.8
Spellcasting   | 3 |  3.3
Fighting       | |  0.1
Dodging        | |  2.1

Action                   |  1- 3 |  4- 6 || total
-------------------------+-------+-------++-------
Melee: Unarmed           |    10 |     8 ||    18
       Tentacles         |     3 |     4 ||     7
       Constrict         |     2 |     5 ||     7
       Dagger            |       |     6 ||     6
       Punch             |       |     1 ||     1
 Cast: Sting             |    64 |    84 ||   148
  Use: Potion            |       |     2 ||     2
       Scroll            |       |     1 ||     1
Armor: Skin              |     3 |    18 ||    21
Dodge: Dodged            |    21 |    43 ||    64

Table legend: (Time is in decaauts)
 A = Elapsed time spent in this place.
 B = Non-inter-level travel time spent in this place.
 C = Inter-level travel time spent in this place.
 D = Time resting spent in this place.
 E = Time spent auto-exploring this place.
 F = Levels seen in this place.
 G = Mean time per level.
                   A        B        C        D        E       F      G
               +--------+--------+--------+--------+--------+-----+--------+
         Total |   2719 |   2674 |     45 |    124 |   1945 |   4 |  679.8 |
       Dungeon |   2719 |   2674 |     45 |    124 |   1945 |   4 |  679.8 |
               +--------+--------+--------+--------+--------+-----+--------+

Top non-repeatable levels by time:
     D:1: 1270 daAuts
     D:2: 969 daAuts
     D:3: 443 daAuts
     D:4: 36 daAuts
